 Seeded DCSS version 0.28-a0-1567-g1695149f81 (webtiles) character file.

Game seed: 347 (custom seed)

1579 knot the Cleaver (level 8, 52/58 HPs)
             Began as a Demonspawn Berserker on Jan 20, 2022.
             Was a Priest of Trog.
             Quit the game on level 6 of the Dungeon.
             The game lasted 00:05:53 (6208 turns).

knot the Cleaver (Demonspawn Berserker)             Turns: 6208, Time: 00:05:54

Health: 52/58      AC:  5    Str: 18    XL:     8   Next: 60%
Magic:  8/8        EV: 11    Int: 10    God:    Trog [***...]
Gold:   168        SH:  0    Dex: 13    Spells: 7/7 levels left

rFire   . . .      SeeInvis .   q - +2 battleaxe (elec)
rCold   . . .      Faith    .   (shield currently unavailable)
rNeg    . . .      Spirit   .   u - +0 troll leather armour {Pargi}
rPois   .          Reflect  .   (helmet restricted)
rElec   .          Harm     .   (no cloak)
rCorr   .          Rampage  .   (no gloves)
Will    .....                   g - +0 pair of boots
Stlth   +.........              (no amulet)
HPRegen 0.99/turn               (no ring)
MPRegen 0.22/turn               (no ring)

@: no status effects
A: horns 1, foul stench 1, magic regeneration
a: Renounce Religion, Berserk, Trog's Hand


You were on level 6 of the Dungeon.
You worshipped Trog.
Trog was most pleased with you.
You visited 1 branch of the dungeon, and saw 6 of its levels.

You collected 168 gold pieces.

Inventory:

Hand Weapons
 a - a +0 hand axe
 q - a +2 battleaxe of electrocution (weapon)
 t - the +5 hunting sling "Winipt" {speed, Stlth+}
   (You found it on level 4 of the Dungeon)

   Attacks with this weapon are significantly faster.
   Stlth:     It makes you more stealthy.
Missiles
 j - 18 stones (quivered)
 m - 2 javelins
 w - 5 datura-tipped darts
Armour
 b - a +0 animal skin
 g - a +0 pair of boots (worn)
 u - a +0 troll leather armour (worn) {Pargi}
Jewellery
 k - a ring of fire
 l - a +6 ring of intelligence
 r - an amulet of magic regeneration
 y - a +6 ring of strength
Scrolls
 c - 2 scrolls of enchant weapon {unknown}
 d - 4 scrolls of identify {unknown}
 f - a scroll of fog {unknown}
 i - 2 scrolls of teleportation {unknown}
 o - a scroll of summoning {unknown}
 s - a scroll of immolation {unknown}
 A - 3 scrolls of magic mapping {unknown}
Potions
 e - a potion of haste {unknown}
 h - a potion of berserk rage {unknown}
 n - a potion of lignification {unknown}
 p - a potion of attraction {unknown}
 v - 3 potions of heal wounds {unknown}
 x - a potion of curing {unknown}
 z - a potion of flight {unknown}
 B - a potion of degeneration {unknown}


   Skills:
 - Level 3.0 Fighting
 * Level 8.6 Axes
 * Level 5.6 Throwing
 - Level 1.7 Armour
 - Level 1.7 Dodging


You had 7 spell levels left.
You didn't know any spells.
Your spell library contained the following spells:

 Spells                   Type           Power      Damage    Failure   Level
 Foxfire                  Conj/Fire      0%         2x1d4     41%         1
 Sandblast                Erth           0%         2d4       41%         1
 Passwall                 Tmut/Erth      0%         N/A       56%         2
 Conjure Flame            Conj/Fire      0%         6-21      80%         3
 Ignite Poison            Fire/Tmut/Pois 0%         N/A       80%         3
 Inner Flame              Hex/Fire       0%         N/A       80%         3
 Stone Arrow              Conj/Erth      0%         3d7       80%         3
 Flame Wave               Conj/Fire      0%         2d4       99%         4
 Sticky Flame             Conj/Fire      0%         2d3       99%         4


Dungeon Overview and Level Annotations

Branches:
Dungeon (6/15)
 Temple: D:4-7

Altars:


Innate Abilities, Weirdness & Mutations

You have a pair of small horns on your head.
You may rarely emit foul miasma when damaged in melee.
You regenerate magic rapidly.


Message History

You climb downwards.
There is a stone staircase leading up, spattered with blood here.
Things that are here:
a +0 scale mail; a +0 short sword
j - 9 stones (gained 2)
j - 10 stones (gained 1)
j - 11 stones (gained 1)
j - 12 stones (gained 1)
Things that are here:
a +2 robe of cold resistance; a +0 dagger; the elf skeleton of Dowan
j - 16 stones (gained 4)
j - 17 stones (gained 1)
j - 18 stones (gained 1)
You now have 168 gold pieces (gained 9).
Found a stone staircase leading down.
There is a stone staircase leading down here.
An adder comes into view.
The adder hisses angrily.
An adder is nearby!
An adder is nearby!
You miss the adder. The adder bites you but does no damage.
The adder bites you.
You are poisoned.
The adder poisons you!
You barely miss the adder. Your headbutt misses the adder.
You feel sick. The adder bites you but does no damage.
The adder closely misses you.
You miss the adder.
You feel sick. The adder bites you but does no damage. The adder bites you.
You emit a cloud of foul miasma!
You completely miss the adder.
You feel sick.
You are no longer poisoned.
The adder is engulfed in dark miasma.
The adder is poisoned.
The adder completely misses you.
You closely miss the adder.
The adder is heavily wounded.
The adder is engulfed in dark miasma.
The adder looks even sicker.
The adder bites you.
The adder is engulfed in dark miasma.
The adder looks even sicker.
The adder seems to slow down.
You kill the adder!
Trog accepts your kill.
Are you sure you want to abandon this character and quit the game? (Confirm with "yes".)

##.#....##
.####........#.
...........[...
####........#.
##.#....##.
###.#....#
#######..>####....
#..............##.
#@#####.######.#
#.# #.# #.# #☼#
#.# #.# #.# #.# .#
..# #.# ### #.#
#.# #.#


There were no monsters in sight!

Vanquished Creatures
  Grinder (D:5)
  Menkaure (D:4)
  Duvessa (D:6)
  A black bear (D:6)
  Pargi (D:4)
  A sky beast (D:4)
  An ice beast (D:5)
  An ogre (D:5)
  A scorpion (D:5)
  Dowan (D:6)
  3 orc priests
  A bullfrog zombie (D:5)
  A hound (D:4)
  A jelly (D:4)
  A bullfrog skeleton (D:5)
  2 centaur skeletons
  An iguana (D:6)
  4 orc wizards
  7 adders
  4 gnolls (D:2)
  3 ufetubi
  An adder skeleton (D:4)
  4 dart slugs
  16 orcs
  10 ball pythons
  7 endoplasms
  3 giant cockroaches
  4 hobgoblins
  2 jackals (D:2)
  2 quokkas
  5 bats
  3 frilled lizards
  5 goblins
  7 kobolds
  8 rats
115 creatures vanquished.

Vanquished Creatures (others)
  2 withered plants (D:1)
2 creatures vanquished.

Grand Total: 117 creatures vanquished

Notes
Turn   | Place    | Note
-------+----------+-------------------------------------------
     0 | D:1      | knot the Demonspawn Berserker began the quest for the Orb.
     0 | D:1      | Reached XP level 1. HP: 18/18 MP: 1/1
   266 | D:1      | Reached skill level 3 in Axes
   562 | D:1      | Gained mutation: You regenerate magic rapidly. [demonic
                  | ancestry]
   562 | D:1      | Reached XP level 2. HP: 24/24 MP: 2/2
   826 | D:1      | Found a faded altar of an unknown god.
  1053 | D:2      | Reached XP level 3. HP: 29/29 MP: 3/3
  1054 | D:2      | Reached skill level 4 in Axes
  1125 | D:2      | Reached ** piety under Trog
  1889 | D:2      | Reached XP level 4. HP: 16/35 MP: 4/4
  2278 | D:3      | Reached skill level 5 in Axes
  2278 | D:3      | Gained mutation: You have a pair of small horns on your
                  | head. [demonic ancestry]
  2278 | D:3      | Reached XP level 5. HP: 20/41 MP: 5/5
  2756 | D:3      | You fall into a shaft and drop 2 floors!
  2756 | D:5      | Entered Level 5 of the Dungeon
  3309 | D:3      | Reached skill level 6 in Axes
  3477 | D:3      | Reached XP level 6. HP: 44/47 MP: 6/6
  4293 | D:4      | Noticed Menkaure
  4299 | D:4      | Killed Menkaure
  4300 | D:4      | Reached skill level 1 in Throwing
  4586 | D:4      | Noticed Pargi
  4593 | D:4      | Killed Pargi
  4594 | D:4      | Reached XP level 7. HP: 50/52 MP: 7/7
  4608 | D:4      | Identified the +5 hunting sling "Winipt" {speed, Stlth+}
  4815 | D:4      | Reached skill level 7 in Axes
  5157 | D:5      | Reached *** piety under Trog
  5215 | D:5      | Gained mutation: You may rarely emit foul miasma when
                  | damaged in melee. [demonic ancestry]
  5215 | D:5      | Reached XP level 8. HP: 58/58 MP: 8/8
  5279 | D:5      | Noticed Grinder
  5297 | D:5      | Killed Grinder
  5298 | D:5      | Reached skill level 8 in Axes
  5764 | D:6      | Reached skill level 5 in Throwing
  5902 | D:6      | Noticed Dowan
  5902 | D:6      | Noticed Duvessa
  5907 | D:6      | Killed Dowan
  5921 | D:6      | Killed Duvessa
  6208 | D:6      | Quit the game

Illustrated notes

Levels and vault maps discovered:
D:1:      dpeg_arrival_rooms_with_view, layout_loops_ring,
          shapermc_ecumenical_altar_gd
D:2:      layout_rooms
D:3:      layout_loops_ring, minmay_checkerbox
D:4:      layout_basic, nrook_campfire, uniq_pargi, uniq_menkaure
D:5:      layout_loops_ring, uniq_grinder
D:6:      layout_loops_ring, hangedman_decor_points, nicolae_shop_firing_range,
          uniq_duvessa

Skill      XL: |  1  2  3  4  5  6  7  8 |
---------------+-------------------------+-----
Axes           | 3 4 5 6 7 8 |  8.6
Throwing       | 2 4 5 |  5.6
Fighting       | |  3.0
Armour         | |  1.7
Dodging        | |  1.7

Action                   |  1- 3 |  4- 6 |  7- 9 || total
-------------------------+-------+-------+-------++-------
Melee: Hand axe          |   113 |    92 |       ||   205
       Punch             |     1 |     1 |       ||     2
       Headbutt          |       |    11 |     3 ||    14
       Battleaxe         |       |    36 |    12 ||    48
 Fire: Hunting sling     |       |       |   121 ||   121
Throw: Stone             |       |     3 |       ||     3
Invok: Berserk           |     4 |     4 |     1 ||     9
       Trog's Hand       |       |     1 |       ||     1
 Stab: Sleeping          |     2 |     2 |       ||     4
Armor: Animal skin       |    21 |    30 |       ||    51
       Ring mail         |       |     4 |       ||     4
       Troll leather arm |       |       |    10 ||    10
Dodge: Dodged            |    87 |    76 |    19 ||   182

Table legend: (Time is in decaauts)
 A = Elapsed time spent in this place.
 B = Non-inter-level travel time spent in this place.
 C = Inter-level travel time spent in this place.
 D = Time resting spent in this place.
 E = Time spent auto-exploring this place.
 F = Levels seen in this place.
 G = Mean time per level.
                   A        B        C        D        E       F      G
               +--------+--------+--------+--------+--------+-----+--------+
         Total |   6286 |   6046 |    240 |   1747 |   3449 |   6 | 1047.7 |
       Dungeon |   6286 |   6046 |    240 |   1747 |   3449 |   6 | 1047.7 |
               +--------+--------+--------+--------+--------+-----+--------+

Top non-repeatable levels by time:
     D:3: 1604 daAuts
     D:2: 1313 daAuts
     D:4: 1227 daAuts
     D:1: 993 daAuts
     D:5: 896 daAuts
     D:6: 252 daAuts
